 Dungeon Crawl Stone Soup version 0.22-a0-458-gb446440 (webtiles) character file.

10269 Mgcat the Severer (level 11, -13/88 HPs)
             Began as a Minotaur Berserker on June 8, 2018.
             Was a High Priest of Trog.
             Killed from afar by Harold (21 damage)
             ... with a bolt of fire
             ... on level 10 of the Dungeon.
             The game lasted 00:15:59 (8640 turns).

Mgcat the Severer (Minotaur Berserker)              Turns: 8640, Time: 00:16:00

Health: -13/88     AC: 17    Str: 24    XL:     11   Next: 34%
Magic:  10/10      EV:  8    Int:  5    God:    Trog [*****.]
Gold:   550        SH:  0    Dex: 10    Spells: 10/10 levels left

rFire    . . .     SeeInvis .   y - +5 battleaxe of Might {chop, Fragile rPois rC+ MR++}
rCold    + . .     Gourm    .   (shield currently unavailable)
rNeg     . . .     Faith    .   r - +0 plate armour
rPois    +         Spirit   .   (helmet restricted)
rElec    .         Reflect  .   (no cloak)
rCorr    .         Harm     .   e - +2 pair of gloves
MR       ++...                  o - +1 pair of boots
Stlth    ..........             (no amulet)
HPRegen  0.24/turn              g - ring of flight {+Fly, !d}
MPRegen  0.12/turn              (no ring)

@: berserk cooldown, slowed, drained, very slow
A: retaliatory headbutt, horns 2
a: Berserk, Trog's Hand, Brothers in Arms, Renounce Religion, Evoke Flight


You were on level 10 of the Dungeon.
You worshipped Trog.
Trog was extremely pleased with you.
You were very hungry.

You visited 1 branch of the dungeon, and saw 10 of its levels.

You collected 550 gold pieces.

Inventory:

Hand Weapons
 a - a +0 hand axe
 w - a +0 trident
   (You took it off an orc on level 8 of the Dungeon)
 y - the +5 battleaxe of Might (weapon) {chop, Fragile rPois rC+ MR++}
   (Trog gifted it to you on level 9 of the Dungeon)

   It inflicts extra damage upon your enemies.
   It protects you from cold.
   It protects you from poison.
   It affects your resistance to hostile enchantments.
   It will be destroyed if unequipped.
Missiles
 d - 7 javelins (quivered)
 m - 8 curare-tipped needles
Armour
 e - a +2 pair of gloves (worn)
   (You found it on level 1 of the Dungeon)
 o - a +1 pair of boots (worn)
   (You found it on level 3 of the Dungeon)
 r - a +0 plate armour (worn)
   (You found it on level 5 of the Dungeon)
Jewellery
 g - a ring of flight (left hand) {+Fly, !d}
   (You found it on level 1 of the Dungeon)
Wands
 q - a wand of acid (13)
   (You found it on level 8 of the Dungeon)
 s - a wand of iceblast (8)
   (You found it on level 8 of the Dungeon)
 x - a wand of digging (10)
   (You took it off an orc on level 10 of the Dungeon)
Scrolls
 i - 5 scrolls of immolation {!r}
 j - 5 scrolls of enchant weapon {unknown}
 k - 3 scrolls of teleportation {unknown}
 n - 4 scrolls of identify
 p - 3 scrolls of remove curse
 u - 2 scrolls of fear
 A - a scroll of magic mapping {!r}
 E - a scroll of random uselessness {unknown}
Potions
 b - a potion of degeneration {unknown}
 f - 2 potions of lignification {!q}
 l - 5 potions of curing {unknown}
 t - 2 potions of resistance
 v - 2 potions of might {unknown}
 z - a potion of heal wounds {unknown}
 B - a potion of haste {unknown}
 C - a potion of brilliance {unknown}
 D - a potion of cancellation {unknown}
Comestibles
 c - 10 rations
 h - 14 chunks of flesh {@w0}


   Skills:
 - Level 5.3(5.1) Fighting
 + Level 18.4(18.2) Axes
 - Level 5.3(5.2) Armour
 - Level 5.0(4.8) Dodging


You had 10 spell levels left.
You didn't know any spells.
Your spell library was empty.

Dungeon Overview and Level Annotations

Branches:
Dungeon (10/15)            Temple (0/1) D:4            Lair (0/6) D:10
    Orc: D:9-12

Altars:
Ashenzari
Cheibriados
Fedhas
Hepliaklqana
Kikubaaqudgha
Makhleb
Qazlal
Ru
Sif Muna
Uskayaw
Vehumet
Wu Jian
Yredelemnul

Shops:
D:6 =

Annotations:
D:10 Harold


Innate Abilities, Weirdness & Mutations

You reflexively headbutt those who attack you in melee.
You have a pair of horns on your head.


Message History

You feel sick.
You closely miss the kobold. Your headbutt misses the kobold.
The kobold hits you but does no damage.
You slash the worker ant!
The worker ant is severely wounded.
You hit the kobold.
You kill the kobold!
Trog accepts your kill. The worker ant barely misses you.
You closely miss the worker ant.
You kill the worker ant!
Trog accepts your kill.
No target in view!
No target in view!
No target in view!
No target in view!
You feel sick.
Things that are here:
a short sword; a dagger
Items here: (( ))) ††† You butcher the worker ant corpse.
h - 14 chunks of flesh {@w0} (gained 1)
Items here: (( ))) †† x2
You feel sick.
You see here 2 poisoned needles.
You see here a bolt.
Things that are here:
an uncursed blowgun; 4 poisoned needles Key pressed, stopping explore.
Items here: ( )) † a club; a hand crossbow; 21 bolts; a kobold corpse You feel sick.
Things that are here:
a short sword of draining; a kobold corpse; a big kobold corpse
Things that are here:
a bolt; 2 poisoned needles You feel sick.
You feel sick.
You are no longer poisoned.
You now have 550 gold pieces (gained 23).
You see here 16 stones.
Marking area around Harold as unsafe for travelling.
Harold the Weathered comes into view.
He is wielding a hand axe.
Harold shouts!
Harold throws a throwing net.
The throwing net hits you.
You become entangled in the net!
You see here a throwing net {=f, !d}.
Unknown command.
You struggle against the net.
You struggle against the net.
Harold yells, "I don't have all day!"
You struggle against the net.
You rip the net and break free!
A red film seems to cover your vision as you go berserk!
You feel yourself moving faster!
You feel mighty!
You are feeling hungry.
Harold throws a throwing net.
The throwing net hits you.
You become entangled in the net!
You are held in a net!
You are held in a net!
You are held in a net!
You struggle against the net.
You feel a strong urge to attack something.
Harold gestures at you while chanting. The bolt of fire hits you!
You struggle against the net.
You struggle against the net.
You feel your anger nearly subside.
You are too injured to fight recklessly!
You are too injured to fight recklessly!
You shred the net and break free!
You are no longer berserk.
You are exhausted.
You feel yourself slow down.
You are too injured to fight recklessly!
You are too injured to fight recklessly!
You are too injured to fight recklessly!
You slice Harold!! Your headbutt misses Harold.
Harold is heavily wounded.
Harold hits you with a hand axe.
You hit Harold. You headbutt Harold!
Harold is severely wounded.
Harold hits you with a hand axe.
You hit Harold but do no damage. Your headbutt misses Harold.
Harold is severely wounded.
Harold gestures at you while chanting. The bolt of fire hits you!
You slash Harold!
Harold is severely wounded.
Harold hits you with a hand axe!
* * * LOW HITPOINT WARNING * * *
Your ogre goes berserk!
You are feeling very hungry.
Harold casts a spell at you. The bolt of fire hits you!
* * * LOW HITPOINT WARNING * * *
Harold closely misses you. Harold hits your ogre with a hand axe.
Harold points at you and mumbles some strange words.
The bolt of fire hits you!
You die...

#. .. #. #.
#. #O
#@####
#.....#
#..@.#
##.....##
####(#
#.......#
#..# #.
.....# #.##
#. ....#
#.# #. ...#
#.# #. #.[#
#.#
#.####).#
#.#
#.))(().###
#.#


You could see Harold.

Vanquished Creatures
  A two-headed ogre (D:10)
  A queen ant (D:8)
  Grinder (D:4)
  The ghost of Ratty the Merchant of Misery, an amateur DsNe of Kikubaaqudgha (D:4)
  A hippogriff (D:9)
  A wyvern (D:10)
  Eustachio (D:5)
  A human (D:7)
  6 yaks (D:9)
  4 hogs (D:7)
  A steam dragon (D:9)
  A hungry ghost (D:7)
  16 soldier ants (D:8)
  2 black bears
  2 orc warriors
  A sky beast (D:7)
  An eye of draining (D:9)
  A phantom (D:5)
  4 ice beasts
  6 ogres
  2 big kobolds (D:10)
  A centaur (D:6)
  6 bullfrogs
  2 water moccasin zombies
  A scorpion (D:7)
  4 killer bees (D:9)
  4 wights (D:6)
  2 howler monkeys (D:8)
  5 crimson imps
  A centaur skeleton (D:10)
  2 hounds
  2 bullfrog skeletons
  A centaur zombie (D:5)
  2 orc priests
  2 jellies
  An iguana (D:9)
  12 orc wizards
  27 worker ants
  A howler monkey skeleton (D:4)
  10 adders
  2 adder skeletons
  2 adder zombies (D:9)
  3 worms
  A dart slug (D:2)
  4 leopard geckos
  40 orcs
  3 giant cockroaches
  9 hobgoblins
  6 jackals
  3 quokkas
  4 ball pythons
  7 bats
  4 frilled lizards
  8 goblins
  20 kobolds
  A quokka skeleton (D:4)
  A quokka zombie (D:8)
  4 rats
263 creatures vanquished.

Vanquished Creatures (collateral kills)
  4 soldier ants (D:8)
4 creatures vanquished.

Grand Total: 267 creatures vanquished

Notes
Turn   | Place    | Note
-------+----------+-------------------------------------------
     0 | D:1      | Mgcat the Minotaur Berserker began the quest for the Orb.
     0 | D:1      | Reached XP level 1. HP: 19/19 MP: 0/0
    94 | D:1      | Reached skill level 4 in Axes
    94 | D:1      | HP: 4/28 [hobgoblin/club (7)]
   392 | D:1      | Reached XP level 2. HP: 23/26 MP: 1/1
   859 | D:2      | Reached skill level 5 in Axes
   860 | D:2      | Reached XP level 3. HP: 31/31 MP: 2/2
   975 | D:2      | Reached ** piety under Trog
  1310 | D:2      | Reached XP level 4. HP: 34/39 MP: 3/3
  1469 | D:3      | Reached skill level 6 in Axes
  1554 | D:3      | Found a hazy altar of Hepliaklqana.
  1554 | D:3      | Found a blossoming altar of Fedhas.
  1555 | D:3      | Found a hide-covered altar of Uskayaw.
  2244 | D:4      | Noticed Ratty's ghost (amateur DsNe)
  2258 | D:4      | Killed Ratty's ghost
  2258 | D:4      | Reached skill level 8 in Axes
  2258 | D:4      | Reached XP level 5. HP: 35/45 MP: 4/4
  2258 | D:4      | Reached XP level 6. HP: 40/51 MP: 5/5
  2533 | D:4      | Reached skill level 9 in Axes
  2653 | D:4      | Noticed Grinder
  2669 | D:4      | Killed Grinder
  2669 | D:4      | Reached skill level 10 in Axes
  2669 | D:4      | Reached XP level 7. HP: 54/57 MP: 6/6
  2713 | D:4      | Found a staircase to the Ecumenical Temple.
  2793 | D:4      | Found a basalt altar of Yredelemnul.
  2890 | D:5      | Entered Level 5 of the Dungeon
  2980 | D:5      | Reached *** piety under Trog
  3087 | D:5      | Reached skill level 11 in Axes
  3235 | D:5      | Reached XP level 8. HP: 42/64 MP: 7/7
  3415 | D:5      | Noticed Eustachio
  3433 | D:5      | Killed Eustachio
  3472 | D:6      | Reached skill level 12 in Axes
  3858 | D:6      | Reached skill level 13 in Axes
  4293 | D:6      | Found Ahupus's Jewellery Shoppe.
  4510 | D:7      | Reached XP level 9. HP: 70/70 MP: 8/8
  4728 | D:7      | Reached skill level 14 in Axes
  4755 | D:7      | Reached skill level 4 in Fighting
  4843 | D:7      | Reached **** piety under Trog
  4918 | D:7      | Reached skill level 5 in Fighting
  4920 | D:7      | Reached skill level 3 in Armour
  4923 | D:7      | Reached skill level 4 in Armour
  4924 | D:7      | Reached skill level 5 in Armour
  4929 | D:7      | Reached skill level 3 in Dodging
  5175 | D:8      | Reached skill level 4 in Dodging
  5232 | D:8      | Reached skill level 5 in Dodging
  5396 | D:8      | Found a radiant altar of Vehumet.
  5409 | D:8      | Found an ancient bone altar of Kikubaaqudgha.
  5428 | D:8      | Found a deep blue altar of Sif Muna.
  5722 | D:8      | Noticed a queen ant
  5757 | D:8      | Killed a queen ant
  5757 | D:8      | Reached skill level 15 in Axes
  5757 | D:8      | Reached XP level 10. HP: 81/81 MP: 9/9
  5776 | D:8      | HP: 20/81 [poisoned by a soldier ant]
  5782 | D:8      | HP: 11/81 [poisoned by a soldier ant]
  5787 | D:8      | HP: 10/81 [poisoned by a soldier ant]
  5792 | D:8      | HP: 10/81 [poisoned by a soldier ant]
  6340 | D:8      | Reached skill level 16 in Axes
  7188 | D:8      | Reached ***** piety under Trog
  7188 | D:8      | Reached skill level 17 in Axes
  7441 | D:9      | Reached XP level 11. HP: 88/88 MP: 10/10
  7984 | D:9      | Found a snail-covered altar of Cheibriados.
  7984 | D:9      | Found a sacrificial altar of Ru.
  8011 | D:9      | Received a gift from Trog
  8018 | D:9      | Got a dazzling battleaxe {god gift}
  8029 | D:9      | Identified the +5 battleaxe of Might {chop, Fragile rPois rC+ MR++} (Trog gifted it to you on level 9 of the Dungeon)
  8068 | D:9      | Reached skill level 18 in Axes
  8185 | D:9      | Found a shattered altar of Ashenzari.
  8187 | D:9      | Found a stormy altar of Qazlal.
  8189 | D:9      | Found a burning altar of Makhleb.
  8264 | D:9      | Found an ornate altar of the Wu Jian Council.
  8325 | D:10     | Entered Level 10 of the Dungeon
  8401 | D:10     | Found a staircase to the Lair.
  8494 | D:10     | Noticed a two-headed ogre
  8503 | D:10     | Killed a two-headed ogre
  8625 | D:10     | Noticed Harold
  8639 | D:10     | HP: 8/88 [Harold/bolt of fire (15)]
  8640 | D:10     | Killed from afar by Harold

Vault maps used:
D:1:      eino_arrival_water_star
D:2:      first_ration
D:3:      gammafunk_temple_overflow_claw, item_on_display_a
D:4:      yredelemnul_altar_generic, minmay_temple_entry_nine_rooms,
          grunt_decor_one_mirror, uniq_grinder
D:5:      supply_closet_lemuel, uniq_eustachio
D:6:      serial_shops, kennysheep_mini, grunt_decor_arrowhead
D:7:      grunt_livestock
D:8:      palyth_temple_overflow_mages, minivault_29
D:9:      kennysheep_blocky_hall, kennysheep_little_box, minitemple,
          corexii_checkpoint_b, hangedman_decor_riveting
D:10:     lair_entry_dummy, uniq_sonja, uniq_harold

Skill      XL: |  1  2  3  4  5  6  7  8  9 10 11 |
---------------+----------------------------------+-----
Axes           | 4 5 8 10 11 13 15 17 18 | 18.4
Fighting       | 5 |  5.3
Armour         | 5 |  5.3
Dodging        | 5 |  5.0

Action                   |  1- 3 |  4- 6 |  7- 9 | 10-12 || total
-------------------------+-------+-------+-------+-------++-------
Melee: Hand axe          |    71 |    92 |   371 |   322 ||   856
       Headbutt          |    10 |    19 |    71 |    68 ||   168
       Battleaxe         |       |       |       |    58 ||    58
Invok: Berserk           |     4 |     4 |    11 |     6 ||    25
       Trog's Hand       |       |     1 |     2 |     1 ||     4
       Brothers in Arms  |       |       |       |     3 ||     3
  Use: Scroll            |       |       |     9 |     1 ||    10
 Stab: Sleeping          |       |     1 |       |       ||     1
  Eat: Chunk             |     5 |     4 |    17 |    13 ||    39
       Ration            |       |     1 |     2 |     1 ||     4
Armor: Animal skin       |    21 |    16 |     1 |       ||    38
       Plate armour      |       |       |   163 |   133 ||   296
Dodge: Dodged            |    43 |    38 |    65 |   107 ||   253
Block: Buckler           |     6 |    10 |    33 |    19 ||    68

Table legend:
 A = Spawn XP
 B = Non-spawn XP
 C = Spawn XP percentage of total XP
 D = Spawn monster count
 E = Non-spawn monster count
 F = Spawn count percentage of total count
 G = Total turns spent on level
                    A         B        C        D         E        F      G
               +---------+---------+-------+---------+---------+-------+---------
         Total |       0 |   14670 |   0.0 |       0 |     267 |   0.0 |  8640
               +---------+---------+-------+---------+---------+-------+---------
           D:1 |       0 |      20 |   0.0 |       0 |      14 |   0.0 |   781
           D:2 |       0 |      77 |   0.0 |       0 |      21 |   0.0 |   682
           D:3 |       0 |      78 |   0.0 |       0 |      26 |   0.0 |   781
           D:4 |       0 |     762 |   0.0 |       0 |       9 |   0.0 |   646
           D:5 |       0 |     706 |   0.0 |       0 |      14 |   0.0 |   644
           D:6 |       0 |     923 |   0.0 |       0 |      26 |   0.0 |   934
           D:7 |       0 |    1813 |   0.0 |       0 |      16 |   0.0 |  1064
           D:8 |       0 |    5396 |   0.0 |       0 |      66 |   0.0 |  1810
           D:9 |       0 |    3170 |   0.0 |       0 |      45 |   0.0 |   983
          D:10 |       0 |    1725 |   0.0 |       0 |      30 |   0.0 |   315
               +---------+---------+-------+---------+---------+-------+---------

Vault maps used:
D:1:      eino_arrival_water_star
D:2:      first_ration
D:3:      gammafunk_temple_overflow_claw, item_on_display_a
D:4:      yredelemnul_altar_generic, minmay_temple_entry_nine_rooms,
          grunt_decor_one_mirror, uniq_grinder
D:5:      supply_closet_lemuel, uniq_eustachio
D:6:      serial_shops, kennysheep_mini, grunt_decor_arrowhead
D:7:      grunt_livestock
D:8:      palyth_temple_overflow_mages, minivault_29
D:9:      kennysheep_blocky_hall, kennysheep_little_box, minitemple,
          corexii_checkpoint_b, hangedman_decor_riveting
D:10:     lair_entry_dummy, uniq_sonja, uniq_harold

Table legend:
 A = Turns spent in this place as a percentage of turns spent in the entire game.
 B = Non-inter-level travel turns spent in this place as a percentage of non-inter-level travel turns spent in the entire game.
 C = Inter-level travel turns spent in this place as a percentage of turns spent in this place.
 D = Turns resting spent in this place as a percentage of non-inter-level travel turns spent in this place.
 E = Turns spent auto-exploring this place as a percentage of non-inter-level travel turns spent in this place.
 F = Non-inter-level travel turns spent in this place divided by the number of levels of this place that you've seen.
                   A       B       C       D       E      F
               +-------+-------+-------+-------+-------+----------------------
         Total | 100.0 | 100.0 |   2.7 |  19.1 |  59.1 | 841.1
       Dungeon | 100.0 | 100.0 |   2.7 |  19.1 |  59.1 | 841.1
               +-------+-------+-------+-------+-------+----------------------

Table legend:
 A = Kills in this place as a percentage of kills in entire the game.
 B = Kills by you in this place as a percentage of kills by you in the entire game.
 C = Kills by friends in this place as a percentage of kills by friends in the entire game.
 D = Other kills in this place as a percentage of other kills in the entire game.
 E = Experience gained in this place as a percentage of experience gained in the entire game.
 F = Experience gained in this place divided by the number of levels of this place that you have seen.
                   A       B       C       D       E      F
               +-------+-------+-------+-------+-------+----------------------
         Total | 100.0 | 100.0 | 100.0 |   N/A | 100.0 | 1467.0
       Dungeon | 100.0 | 100.0 | 100.0 |   N/A | 100.0 | 1467.0
               +-------+-------+-------+-------+-------+----------------------
